 Dungeon Sprint DCSS version 0.27-a0-1119-gbf574a6a6b (webtiles) character file.

Game seed: 9737703343150283633

195 mhtbhm the Arsonist (level 5, -22/28 HPs)
             Began as a Deep Elf Fire Elementalist on May 2, 2021.
             Was an Initiate of Vehumet.
             Shot with a bolt by a yaktaur (24 damage)
             ... in the Dungeon (Sprint V: "Ziggurat Sprint").
             The game lasted 00:01:17 (152 turns).

mhtbhm the Arsonist (Deep Elf Fire Elementalist)     Turns: 152, Time: 00:01:19

Health: -22/28     AC:  5    Str:  5    XL:     5   Next: 45%
Magic:  11/16      EV: 14    Int: 33    God:    Vehumet [......]
Gold:   0          SH:  0    Dex: 15    Spells: 2/18 levels left

rFire    + . .     SeeInvis .   C - +8 lance "Wyrmbane" {slay drac, rPois rF+ rC+ AC+3}
rCold    + . .     Faith    .   (no shield)
rNeg     . . .     Spirit   .   a - +0 robe
rPois    +         Reflect  .   (no helmet)
rElec    .         Harm     .   (no cloak)
rCorr    .         Rampage  .   (no gloves)
Will     .....     NoTele   +   (no boots)
Stlth    +++.......             (no amulet)
HPRegen  0.09/turn              u - +6 ring of intelligence
MPRegen  0.15/turn              v - +6 ring of intelligence

@: no status effects
A: no striking features
a: Renounce Religion


You were in the Dungeon.
You worshipped Vehumet.
Vehumet was noncommittal.
You visited 1 branch

Inventory:

Hand Weapons
 C - the +8 lance "Wyrmbane" (weapon) {slay drac, rPois rF+ rC+ AC+3}
   (You found it in the Dungeon)

   It affects your AC (+3).
   It protects you from fire.
   It protects you from cold.
   It protects you from poison.
Armour
 a - a +0 robe (worn)
Jewellery
 u - a +6 ring of intelligence (left hand)
 v - a +6 ring of intelligence (right hand)
Wands
 y - a wand of mindburst (2)
 z - a wand of iceblast (5)
 A - a wand of acid (6)
Scrolls
 h - 3 scrolls of blinking
 m - 4 scrolls of amnesia
 n - 7 scrolls of fog
 o - a scroll of holy word
 p - 5 scrolls of identify
Potions
 b - 2 potions of brilliance
 c - 10 potions of curing
 d - 10 potions of heal wounds
 e - 6 potions of haste
 f - 7 potions of magic
 g - 3 potions of berserk rage
 i - 2 potions of invisibility
 j - 4 potions of resistance
 k - a potion of experience
 l - 5 potions of might
Miscellaneous
 B - a lightning rod (4/4)


   Skills:
 + Level 5.6 Dodging
 - Level 5.1 Stealth
 + Level 7.0 Spellcasting
 + Level 1.5 Conjurations
 + Level 9.5 Fire Magic
 + Level 2.4 Evocations


You had 2 spell levels left.
You knew the following spells:

 Your Spells              Type           Power      Damage    Failure   Level
a - Foxfire               Conj/Fire      100%       2x1d9     1%          1
b - Conjure Flame         Conj/Fire      48%        6-21      1%          3
c - Inner Flame           Hex/Fire       43%        N/A       1%          3
d - Sticky Flame          Conj/Fire      48%        2d7       4%          4
e - Fireball              Conj/Fire      24%        3d11      11%         5

Your spell library contained the following spells:

 Spells                   Type           Power      Damage    Failure   Level
 Ice Form                 Ice/Tmut       11%        N/A       36%         4
 Summon Ice Beast         Ice/Summ       11%        N/A       36%         4
 Freezing Cloud           Conj/Ice/Air   7%         6-21      99%         6
 Simulacrum               Ice/Necr       5%         N/A       99%         6
 Ozocubu's Refrigeration  Ice            5%         4d6       100%        7


Dungeon Overview and Level Annotations

Branches:
Dungeon (1/1)

Altars:
Ashenzari
Cheibriados
Dithmenos
Elyvilon
Fedhas
Gozag
Hepliaklqana
Kikubaaqudgha
Makhleb
Nemelex Xobeh
Okawaru
Qazlal
Ru
Sif Muna
Trog
Uskayaw
Vehumet
Wu Jian
Xom
Yredelemnul
Zin
The Shining One
Beogh
Jiyva
Lugonu

Annotations:
D 1 transporter


Message History

You start memorising the spell.
You continue memorising. x5
You finish memorising.
Spell assigned to 'e'.
You can't go up here!
Unknown command.
There is a transporter here.
Welcome to arena 2.
You enter the transporter and appear at another place. 3 yaktaurs come into view.
Found three items.
Found a transporter.
Unknown command.
Cast which spell? (? or * to list)
The spell is extremely dangerous to cast (11% risk of failure)!
Continue anyway?
Aiming: Fireball (extremely dangerous; 11% risk of failure)
Press: ? - help, Shift-Dir - straight line, f - yaktaur
Aim: a yaktaur, quivering bolts (asleep)
The fireball explodes!
The fireball engulfs the yaktaur!
The yaktaur is moderately wounded.
The yaktaur shouts!
The fireball engulfs the yaktaur!
The yaktaur is moderately wounded.
The fireball engulfs the yaktaur!
The yaktaur is moderately wounded.
The yaktaur shouts!
The yaktaur wields a +0 arbalest.
The yaktaur shoots a bolt.
The bolt hits you!!
Ouch! That really hurt!
* * * LOW HITPOINT WARNING * * *
Unknown command.
Casting: Fireball (extremely dangerous; 11% risk of failure)
Confirm with . or Enter, or press ? or * to list all spells.
Okay, then.
Okay, then.
Okay, then.
As you read the scroll of fear, it crumbles to dust.
You assume a fearsome visage.
The yaktaur looks frightened!
The yaktaur resists with some effort. x2; The yaktaur wields a +0 arbalest.
The yaktaur shoots a bolt.
The bolt barely misses you.
The yaktaur shoots a bolt.
The bolt hits you!!
Ouch! That really hurt!
You die...

▓▓▓▓▓▓▓▓▓▓▓▓▓
▓.8©8.▓.8©8.▓
▓c[}c.▓.....▓
▓..c..▓...|.▓
▓.....▓.....▓
▓.....▓.....▓
▓.....▓..©..▓
▓..@..▓▓▓▓▓▓▓
▓▓▓▓▓▓▓


You could see 3 yaktaurs.

Vanquished Creatures
  2 swamp drakes (D)
2 creatures vanquished.

Notes
Turn   | Place    | Note
-------+----------+-------------------------------------------
     0 | D        | mhtbhm the Deep Elf Fire Elementalist began the quest for
                  | the Orb.
     0 | D        | Reached XP level 1. HP: 10/10 MP: 6/6
     0 | D        | Found a shimmering blue altar of Sif Muna.
     0 | D        | Found a bloodstained altar of Trog.
     0 | D        | Found a sacrificial altar of Ru.
     0 | D        | Found a stormy altar of Qazlal.
     0 | D        | Found an iron altar of Okawaru.
     1 | D        | Found a sparkling altar of Nemelex Xobeh.
     1 | D        | Found a blossoming altar of Fedhas.
     2 | D        | Found the +6 Majin-Bo {vamp, MP+6 Int+6}
     2 | D        | Found the +9 heavy crossbow "Sniper" {vorpal, Acc+∞ SInv}
     2 | D        | Found the +10 dark maul {vorpal}
     2 | D        | Found the +15 Maxwell's patent armour {-Cast -Tele rElec
                  | Will+ rCorr}
     2 | D        | Found the +18 shield of the Gong {rElec rN+ Will+ EV-5}
     2 | D        | Found the +14 obsidian axe {vorpal, Drain Fly SInv}
     2 | D        | Found the +7 great mace "Firestarter" {inner flame, rF++}
     2 | D        | Found the +6 shillelagh "Devastator" {shatter}
     2 | D        | Found the +11 plutonium sword {Contam Stlth-}
     2 | D        | Found the +8 lance "Wyrmbane" {slay drac, rPois rF+ rC+
                  | AC+3}
     2 | D        | Found the +9 sword of Zonguldrok {reap}
     2 | D        | Found the +13 scythe of Curses {drain, Drain}
     2 | D        | Found the +5 sword of Power {vorpal}
     2 | D        | Found the +7 mace of Variability {chain chaos}
     2 | D        | Found the +7 Singing Sword {vorpal, sonic wave}
     2 | D        | Found the +8 storm bow {elec, penet}
     3 | D        | Found a transporter.
     3 | D        | Found an ancient bone altar of Kikubaaqudgha.
     3 | D        | Found a viscous altar of Jiyva.
     3 | D        | Found a corrupted altar of Lugonu.
     3 | D        | Found a hazy altar of Hepliaklqana.
     3 | D        | Found a burning altar of Makhleb.
     3 | D        | Found an opulent altar of Gozag.
    35 | D        | Became a worshipper of Vehumet
    55 | D        | Entered arena 2.
    55 | D        | Noticed a swamp drake
    55 | D        | Noticed a swamp drake
    55 | D        | Found a transporter.
    66 | D        | Killed a swamp drake
    67 | D        | Reached skill level 5 in Spellcasting
    67 | D        | Reached skill level 7 in Fire Magic
    67 | D        | Reached skill level 1 in Evocations
    67 | D        | Reached XP level 2. HP: 15/15 MP: 6/10
    67 | D        | Reached XP level 3. HP: 19/19 MP: 7/12
    67 | D        | Reached XP level 4. HP: 24/24 MP: 7/13
    69 | D        | Killed a swamp drake
    70 | D        | Reached skill level 5 in Dodging
    70 | D        | Reached skill level 5 in Stealth
    70 | D        | Reached skill level 9 in Fire Magic
    70 | D        | Reached XP level 5. HP: 28/28 MP: 7/16
   133 | D        | Learned a level 3 spell: Conjure Flame
   137 | D        | Learned a level 3 spell: Inner Flame
   142 | D        | Learned a level 4 spell: Sticky Flame
   148 | D        | Learned a level 5 spell: Fireball
   150 | D        | Entered arena 3.
   150 | D        | Noticed a yaktaur
   150 | D        | Noticed a yaktaur
   150 | D        | Noticed a yaktaur
   150 | D        | Found a transporter.
   152 | D        | Shot with a bolt by a yaktaur

Illustrated notes

Levels and vault maps discovered:
D:        sprint_v [room_start, room_1, room_2, room_3, room_4, room_5, room_6,
          room_7, room_8, room_9, room_10, room_11, room_12, room_13, room_14,
          room_15, room_16, room_17, room_18, room_19, room_20, room_21,
          room_22, room_23, room_24, room_25, room_26, room_27]

Skill      XL: |  1  2  3  4 |
---------------+-------------+-----
Dodging        | 4 5 |  5.6
Stealth        | 4 5 |  5.1
Spellcasting   | 5 7 |  7.0
Fire Magic     | 7 9 |  9.5
Evocations     | 1 2 |  2.4
Conjurations   | |  1.5

Action                   |  1- 3 |  4- 6 || total
-------------------------+-------+-------++-------
 Cast: Fireball          |       |     1 ||     1
Evoke: Wand              |     5 |     3 ||     8
  Use: Scroll            |     2 |     1 ||     3
Dodge: Dodged            |     2 |     2 ||     4

Table legend: (Time is in decaauts)
 A = Elapsed time spent in this place.
 B = Non-inter-level travel time spent in this place.
 C = Inter-level travel time spent in this place.
 D = Time resting spent in this place.
 E = Time spent auto-exploring this place.
 F = Levels seen in this place.
 G = Mean time per level.
                   A        B        C        D        E       F      G
               +--------+--------+--------+--------+--------+-----+--------+
         Total |    150 |    150 |      0 |     52 |      0 |   1 |  150.0 |
       Dungeon |    150 |    150 |      0 |     52 |      0 |   1 |  150.0 |
               +--------+--------+--------+--------+--------+-----+--------+

Top non-repeatable levels by time:
       D: 150 daAuts
